Map: Overgrown Facility

Players

DRKBLK

  • Race: Protoss Protoss
  • League: Platinum
  • Spawn Location: 1:00

razorBLADE

  • Race: Terran Terran
  • Spawn Location: 3:00

ILIEKEGGPIE - Winner!

  • Race: Protoss Protoss
  • League: Platinum
  • Spawn Location: 7:00

DHAM - Winner!

  • Race: Protoss Protoss
  • Spawn Location: 9:00

VOD

Have the link to the VOD?

Description

Time

  • Played on: April 26, 2018, 5:49 p.m.
  • Length: 14:21
Show
View Real Time Build Order
Export as new Build Order

DRKBLK Protoss 

Build Orders:  

Get SALT Encoding   

  12  0:11  Probe  
  13  0:23  Probe  
  13  0:26  Pylon  
  14  0:35  Probe  
  15  0:48  Probe  
  15  0:49  Pylon  
  16  1:00  Probe  
  17  1:09  Gateway  
  17  1:11  Gateway  
  17  1:21  Gateway  
  17  1:30  Gateway  
  17  1:42  Pylon  
  17  1:57  Zealot x2  
  21  2:03  Zealot  
  21  2:10  Zealot  
  23  2:17  Zealot  
  25  2:25  Zealot x2  
  29  2:35  Zealot  
  33  2:44  Zealot  
  32  3:40  Nexus  
  10  4:59  Probe  
  11  5:08  Probe  
  12  5:16  Probe  
  13  5:27  Probe  
  13  5:39  Probe  
  14  5:46  Pylon  
  14  5:51  Probe  
  14  6:03  Probe  
  15  6:08  Forge  
Show
View Real Time Build Order
Export as new Build Order

razorBLADE Terran 

Build Orders:  

Get SALT Encoding   

  12  0:01  SCV  
  13  0:14  Supply Depot  
  13  0:22  SCV  
  14  0:34  SCV  
  15  0:41  Barracks  
  15  0:50  Supply Depot  
  15  0:52  SCV  
  16  0:57  Refinery  
  16  1:09  SCV  
  17  1:27  Supply Depot  
  17  1:31  Marine  
  18  1:46  SCV  
  19  1:48  Marine  
  19  1:53  Barracks  
  20  1:58  SCV  
  21  2:08  Barracks Tech Lab  
  21  2:18  Ghost Academy  
  21  2:27  Engineering Bay  
  21  2:28  Orbital Command  
  21  3:04  Refinery  
  21  3:07  Personal Cloaking  
  21  3:29  SCV  
  22  3:40  Command Center  
  22  3:41  Barracks Reactor, SCV  
  23  3:53  SCV  
  24  4:01  Ghost  
  26  4:33  Supply Depot  
  26  4:39  Marine  
  26  4:40  Marine  
  28  4:57  Marine x2, Supply Depot  
  30  5:15  Marine x2  
  30  5:16  Factory  
  30  5:18  SCV  
  30  5:19  Supply Depot  
  33  5:30  SCV  
  33  5:33  Marine x2  
  36  5:42  SCV  
  37  5:51  Marine x2  
  37  5:54  SCV  
  40  6:00  Ghost  
  40  6:02  Factory Tech Lab  
  42  6:05  Armory  
  42  6:06  SCV  
  42  6:09  Marine x2  
  45  6:12  Starport  
  45  6:22  Nuke  
  45  6:26  Marine x2  
  47  6:39  Terran Infantry Weapons Level 1  
  47  6:44  Marine x2  
  49  6:57  SCV  
  49  7:01  Starport Tech Lab  
  50  7:02  Marine x2  
  52  7:09  SCV  
  53  7:20  Marine x2  
  53  7:22  SCV  
  56  7:34  SCV  
  57  7:46  SCV  
  58  8:08  Marine x2  
  58  8:09  Marine  
  61  8:14  Combat Shields  
  61  8:19  Banshee  
  64  8:26  Marine x3  
  67  8:33  Terran Infantry Armor Level 1  
  67  8:34  SCV  
  67  8:37  Refinery  
  68  8:43  Marine  
  68  8:44  Marine x2  
  68  8:46  SCV  
  72  8:50  Refinery  
  72  8:58  SCV  
  72  9:01  Marine x2  
  72  9:02  Marine  
  76  9:10  SCV  
  76  9:13  SCV  
  78  9:32  Supply Depot  
  78  9:38  Cloaking Field  
  78  9:47  Supply Depot  
  78  9:51  Nuke  
  78  9:53  Banshee, Marine x3, SCV  
  78  9:55  Supply Depot  
  78  9:58  Widow Mine  
  85  10:10  Supply Depot  
  85  10:11  Marine x3  
  88  10:19  Widow Mine  
  90  10:26  Terran Infantry Weapons Level 2  
  90  10:29  Marine x3  
  93  10:36  Banshee  
  93  10:40  Widow Mine  
  98  10:47  Marine x3  
  101  11:02  Widow Mine  
  101  11:19  Banshee  
  100  12:02  Banshee  
  100  12:05  Missile Turret  
  103  12:25  Missile Turret  
  103  12:44  Banshee  
  103  12:46  Missile Turret  
  97  13:07  Missile Turret  
  97  13:27  Banshee  
  96  13:42  Marine x3  
  64  13:59  Marine x2  
  64  14:00  Marine  
Show
View Real Time Build Order
Export as new Build Order

ILIEKEGGPIE Protoss - Winner!

Build Orders:  

Get SALT Encoding   

  12  0:00  Probe  
  13  0:13  Probe  
  14  0:19  Pylon  
  14  0:25  Probe  
  15  0:35  Probe  
  16  0:43  Gateway, Probe  
  17  0:52  Probe  
  17  0:56  Assimilator  
  18  1:06  Probe  
  19  1:15  Probe, Pylon  
  19  1:23  Probe  
  21  1:35  Cybernetics Core  
  21  1:47  Assimilator  
  21  1:50  Probe  
  22  1:54  Gateway  
  22  1:57  Gateway  
  22  2:02  Probe  
  22  2:03  Stalker  
  23  2:13  Warp Gate  
  26  2:29  Pylon  
  25  2:38  Stalker  
  27  2:50  Stalker x2  
  31  3:02  Zealot  
  32  3:20  Zealot  
  32  3:21  Pylon  
  32  3:22  Shield Battery  
  32  3:23  Shield Battery  
  34  3:42  Stalker  
  36  3:56  Stalker  
  36  4:23  Sentry  
  38  5:15  Twilight Council  
  38  5:32  Gateway  
  38  5:53  Charge  
  38  5:56  Templar Archives  
  38  6:01  Nexus  
  38  6:07  Probe  
  39  6:19  Probe  
  40  6:31  Probe  
  41  6:43  Probe  
  42  6:51  Pylon  
  42  6:55  Probe  
  42  6:59  Psionic Storm  
  43  7:07  Probe  
  44  7:12  Probe  
  44  7:19  Probe  
  44  7:20  Probe  
  47  7:30  Robotics Facility  
  47  7:31  Probe  
  48  8:10  Observer, Pylon  
  48  8:13  Forge  
  49  8:20  Probe x2, Robotics Bay  
  51  8:28  Probe  
  51  8:31  Forge  
  52  8:34  Gateway  
  52  8:35  Zealot  
  52  8:36  Zealot, High Templar x2, Probe  
  61  8:46  Assimilator  
  61  8:47  Probe  
  61  8:48  Assimilator  
  61  8:50  Pylon  
  61  8:54  Photon Cannon  
  62  8:57  Photon Cannon  
  62  9:10  Protoss Ground Weapons Level 1  
  62  9:19  Probe x2  
  62  9:21  Protoss Ground Armor Level 1  
  64  9:24  Pylon  
  64  9:27  Observer  
  64  9:33  Blink  
  65  9:48  Pylon  
  65  10:02  Gateway  
  65  10:04  Zealot  
  65  10:05  Zealot x3, High Templar  
  65  10:07  Probe x2  
  77  10:18  Immortal  
  81  10:37  Zealot  
  81  10:38  Zealot  
  81  10:39  Nexus  
  81  10:41  Pylon  
  85  10:43  Pylon  
  83  10:59  Protoss Ground Weapons Level 2  
  83  11:00  Nexus  
  83  11:03  Pylon x2  
  81  11:11  Colossus  
  81  11:15  Observer Gravitic Boosters  
  87  11:22  Photon Cannon  
  87  11:24  Photon Cannon  
  87  11:27  Shield Battery  
  87  11:28  Gateway x2  
  87  11:32  Gateway  
  87  11:34  Gateway  
  85  11:53  Stalker x4  
  93  11:54  High Templar x2  
  97  12:02  Probe  
  97  12:06  Probe x2  
  100  12:10  Probe  
  101  12:18  Probe x2  
  103  12:50  Zealot x3, Colossus  
  109  12:51  High Templar x3  
  115  12:59  Stalker x4  
  115  13:05  Probe x3  
  131  13:06  Probe  
  133  13:17  Probe x3  
  133  13:18  Probe  
  137  13:33  Zealot x2  
  141  13:34  Stalker  
  141  13:35  Stalker x2  
Show
View Real Time Build Order
Export as new Build Order

DHAM Protoss - Winner!

Build Orders:  

Get SALT Encoding   

  12  0:03  Probe  
  13  0:15  Probe  
  14  0:27  Pylon, Probe  
  15  0:42  Probe  
  16  0:50  Probe  
  16  0:51  Gateway  
  17  1:00  Probe  
  18  1:05  Forge  
  18  1:10  Probe  
  19  1:18  Probe  
  20  1:27  Probe  
  21  1:42  Pylon  
  21  1:44  Zealot  
  23  1:53  Pylon  
  23  2:00  Probe  
  24  2:01  Photon Cannon  
  24  2:12  Probe  
  25  2:15  Nexus  
  25  2:24  Assimilator, Probe  
  26  2:33  Pylon  
  26  2:36  Photon Cannon  
  28  2:52  Photon Cannon  
  22  3:07  Photon Cannon  
  22  3:24  Pylon  
  13  4:47  Nexus  
  10  6:02  Probe  
  10  6:06  Forge  
  10  6:10  Probe  
  11  6:15  Pylon  
  12  6:20  Probe  
  13  6:32  Probe  
  14  6:40  Gateway  
  14  6:44  Probe  
  15  6:56  Probe  
  16  7:04  Probe  
  17  7:12  Probe  
  18  7:22  Probe  
  18  7:28  Gateway  
  19  7:35  Gateway  
  19  7:58  Photon Cannon  
  19  8:04  Cybernetics Core  
  19  8:06  Probe  
  20  8:14  Assimilator, Probe  
  21  8:24  Probe  
  22  8:30  Pylon  
  22  8:35  Assimilator  
  22  8:36  Probe  
  22  9:07  Photon Cannon  
  22  9:11  Stalker x2  
  22  9:14  Probe  
  26  9:22  Probe  
  28  9:32  Probe  
  29  9:41  Robotics Facility  
  29  9:44  Probe  
  30  9:51  Warp Gate  
  30  9:58  Stalker x2  
  34  10:06  Probe  
  35  10:13  Nexus  
  35  10:19  Pylon  
  35  10:43  Stalker x2, Twilight Council  
  39  10:53  Stalker  
  41  11:09  Observer  
  42  11:22  Probe  
  42  11:30  Assimilator, Probe  
  44  11:40  Probe  
  44  11:46  Immortal  
  49  11:52  Probe  
  50  11:55  Dark Shrine  
  50  12:03  Probe  
  50  12:05  Assimilator  
  51  12:11  Probe  
  52  12:15  Protoss Ground Weapons Level 1  
  52  12:19  Probe  
  52  12:29  Nexus  
  53  12:30  Probe  
  54  12:38  Warp Prism  
  54  12:42  Probe  
  53  13:05  Stalker x2  
  53  13:06  Stalker  
  59  13:14  Pylon  
  59  13:29  Shield Battery  
  59  13:34  Dark Templar x2  
  59  13:35  Dark Templar  
  59  13:38  Pylon  
Tags
 
Add a new tag
Caveats
  • Supply blocks, unpowered buildings, or Contaminate may cause inaccurate times.
  • Supply counts are checked every 10 seconds.